 Dungeon Crawl Stone Soup version 0.29.1-12-g30fa7ad0bf (webtiles) character file.

Game seed: 15995663509321392433

1607 Radix the Gusty (level 8, -13/52 HPs)
             Began as a Barachi Air Elementalist on Jan 1, 2023.
             Mangled by Duvessa
             ... wielding a +0 short sword
              (19 damage)
             ... on level 7 of the Dungeon.
             The game lasted 00:33:43 (5978 turns).

Radix the Gusty (Barachi Air Elementalist)          Turns: 5978, Time: 00:33:43

Health: -13/52     AC:  4    Str: 10    XL:     8   Next: 95%
Magic:  14/17      EV: 12    Int: 18    God:
Gold:   328        SH:  0    Dex: 12    Spells: 13/20 levels left

rFire   + . .      SeeInvis .   r - +4 dagger (spect)
rCold   . . .      Faith    .   z - orb {mayhem}
rNeg    . . .      Spirit   .   a - +0 robe
rPois   .          Reflect  .   (no helmet)
rElec   .          Harm     .   (no cloak)
rCorr   .          Rampage  .   (no gloves)
Will    .....                   o - +1 pair of boots
Stlth   ++........              (no amulet)
HPRegen 0.17/turn               c - ring of protection from fire
MPRegen 0.15/turn               (no ring)

@: slow
A: amphibious, slowness 1, strong legs 1, +LOS
a: Hop


You were on level 7 of the Dungeon.
You visited 1 branch of the dungeon, and saw 7 of its levels.

You collected 328 gold pieces.

Inventory:

Hand Weapons
 r - a +4 spectral dagger (weapon)
Armour
 a - a +0 robe (worn)
 o - a +1 pair of boots (worn)
 z - an orb of mayhem (worn)
Jewellery
 c - a ring of protection from fire (left hand)
Scrolls
 d - a scroll of amnesia
 g - a scroll of enchant weapon
 h - 2 scrolls of fear
 n - a scroll of torment
 u - 2 scrolls of magic mapping
Potions
 b - a potion of magic
 e - a potion of degeneration
 f - a potion of resistance
 i - a potion of attraction
 j - 2 potions of haste
 k - a potion of invisibility
 l - a potion of cancellation
 m - a potion of might {unknown}
 v - a potion of flight {unknown}


   Skills:
 - Level 2.1 Dodging
 - Level 1.7 Stealth
 + Level 6.6 Spellcasting
 + Level 6.9 Conjurations
 + Level 7.7 Air Magic


You had 13 spell levels left.
You knew the following spells:

 Your Spells              Type           Power      Damage    Failure   Level
a - Shock                 Conj/Air       100%       1d9       1%          1
b - Static Discharge      Conj/Air       32%        3-7/arc   1%          2
c - Airstrike             Air            16%        2d(3-19)  4%          4

Your spell library contained the following spells:

 Spells                   Type           Power      Damage    Failure   Level
 Swiftness                Air            33%        N/A       1%          3
 Poisonous Vapours        Pois/Air       38%        N/A       3%          2
 Beastly Appendage        Tmut           10%        N/A       12%         1
 Ensorcelled Hibernation  Hex/Ice        10%        N/A       17%         2
 Passwall                 Tmut/Erth      4%         N/A       17%         2
 Wereblood                Tmut           5%         N/A       17%         2
 Gell's Gravitas          Tloc           5%         N/A       34%         3
 Ignite Poison            Fire/Tmut/Pois 5%         N/A       34%         3
 Inner Flame              Hex/Fire       5%         N/A       34%         3
 Lesser Beckoning         Tloc           5%         N/A       34%         3
 Spider Form              Tmut/Pois      5%         N/A       34%         3
 Teleport Other           Tloc           5%         N/A       34%         3
 Cause Fear               Hex            2%         N/A       75%         4
 Alistair's Intoxication  Tmut/Pois      3%         N/A       97%         5
 Discord                  Hex            2%         N/A       100%        8


Dungeon Overview and Level Annotations

Branches:
Dungeon (7/15)             Temple (0/1) D:7

Altars:
Cheibriados
Elyvilon
Fedhas
Hepliaklqana
The Shining One

Shops:
D:1 *

Annotations:
D:7 Duvessa


Innate Abilities, Weirdness & Mutations

You are amphibious.
You cover ground slowly.
You can hop short distances.
You have an extended range of vision and can be seen from far away.


Message History

Your spectral weapon shares its damage with you!
You catch the helpless Duvessa completely off-guard!
You hit Duvessa.
Duvessa is heavily wounded.
Your +4 spectral dagger hits Duvessa.
Duvessa barely misses you.
Aiming: Shock (safe; 1% risk of failure)
Press: ? - help, Q - select action, (/) - cycle Shift-Dir - straight line, f - Duvessa
Aim: Duvessa, wielding a +0 short sword and wearing a +0 leather armour (heavily wounded, berserk, ally target, 77% to hit)
The zap misses Duvessa.
Duvessa hits you with a +0 short sword! Duvessa closely misses you.
You closely miss Duvessa.
Duvessa is heavily wounded.
Your +4 spectral dagger closely misses Duvessa.
Duvessa barely misses you.
You hit Duvessa but do no damage.
Duvessa is heavily wounded.
Your +4 spectral dagger hits Duvessa.
Duvessa hits you with a +0 short sword! Duvessa barely misses you.
You hit Duvessa.
Duvessa is heavily wounded.
Your +4 spectral dagger hits Duvessa!
Duvessa hits you with a +0 short sword.
* * * LOW HITPOINT WARNING * * *
You feel better. Duvessa misses you. Duvessa hits you with a +0 short sword!
You hit Duvessa but do no damage.
Duvessa is severely wounded.
Your +4 spectral dagger hits Duvessa.
Duvessa hits you with a +0 short sword!
* * * LOW HITPOINT WARNING * * *
You can't see any enemies this would affect, really read the scroll of fear?
Okay, then.
Okay, then.
You feel better. Duvessa hits you but does no damage.
Duvessa closely misses you.
Okay, then.
You feel better. Duvessa hits you with a +0 short sword!
* * * LOW HITPOINT WARNING * * *
You closely miss Duvessa.
Duvessa is severely wounded.
Your +4 spectral dagger hits Duvessa.
Duvessa hits you with a +0 short sword!!
You die...

....
#.#######.####.
.#.#.#
#..............
..=....
###.....######.
#.#.#.######.#####
#.
.$...............#
#.
.!##...##..#####.#
#. ..##...##..#
#.##### #.
#..........#
#.....# ##
#....>.e@..#
#.###.####
#.......(..# #.#
#.....
#.##...##..... ..#
######
..##...##.###.####
#...... ..# #
#..####.$# #..
##.. #. ##[ # #


You could see Duvessa (berserk) and a friendly +4 spectral dagger (summoned).

Vanquished Creatures
  Prince Ribbit (D:7)
  2 black bears
  An ogre (D:5)
  2 phantoms (D:5)
  A necrophage (D:6)
  3 scorpions
  Dowan (D:7)
  6 hounds
  2 jellies
  2 orc wizards
  4 iguanas
  11 adders
  3 gnolls (D:4)
  A white imp (D:6)
  An ufetubus (D:5)
  4 worms
  A dart slug (D:2)
  11 orcs
  3 bats
  5 endoplasms
  A giant cockroach (D:1)
  5 goblins
  10 hobgoblins
  7 jackals
  5 quokkas
  5 ball pythons
  4 frilled lizards
  9 kobolds
  6 rats
117 creatures vanquished.

Vanquished Creatures (collateral kills)
  An ogre (D:4)
1 creature vanquished.

Grand Total: 118 creatures vanquished

Notes
Turn   | Place    | Note
-------+----------+-------------------------------------------
     0 | D:1      | Radix the Barachi Air Elementalist began the quest for the
                  | Orb.
     0 | D:1      | Reached XP level 1. HP: 13/13 MP: 3/3
   326 | D:1      | Reached XP level 2. HP: 19/19 MP: 1/5
   477 | D:1      | Found Xexeadd's General Store.
   513 | D:1      | Found a faded altar of an unknown god.
   640 | D:1      | Reached XP level 3. HP: 20/24 MP: 5/7
  1283 | D:2      | Reached skill level 4 in Air Magic
  1286 | D:2      | Reached XP level 4. HP: 30/30 MP: 2/8
  1616 | D:2      | Learned a level 2 spell: Static Discharge
  2032 | D:3      | Found a snail-covered altar of Cheibriados.
  2032 | D:3      | Found a blossoming altar of Fedhas.
  2050 | D:3      | Reached XP level 5. HP: 35/35 MP: 1/10
  2116 | D:3      | Got the Collected Works on the Spider
  2568 | D:4      | Reached XP level 6. HP: 40/41 MP: 7/11
  2650 | D:4      | Reached skill level 5 in Air Magic
  3262 | D:4      | Found a hazy altar of Hepliaklqana.
  3536 | D:5      | Entered Level 5 of the Dungeon
  3555 | D:5      | Noticed a black bear
  3562 | D:5      | Killed a black bear
  3563 | D:5      | Reached XP level 7. HP: 32/46 MP: 10/14
  3842 | D:5      | Reached skill level 5 in Spellcasting
  3842 | D:5      | Reached skill level 5 in Conjurations
  3842 | D:5      | Reached skill level 6 in Air Magic
  4180 | D:5      | Reached XP level 8. HP: 46/52 MP: 10/16
  4864 | D:5      | Found a white marble altar of Elyvilon.
  5262 | D:6      | Reached skill level 7 in Air Magic
  5460 | D:6      | Found a glowing golden altar of the Shining One.
  5731 | D:7      | Noticed Prince Ribbit
  5747 | D:7      | Killed Prince Ribbit
  5913 | D:7      | Learned a level 4 spell: Airstrike
  5952 | D:7      | Found a staircase to the Ecumenical Temple.
  5956 | D:7      | Noticed Dowan
  5961 | D:7      | Killed Dowan
  5962 | D:7      | Noticed Duvessa
  5975 | D:7      | HP: 2/52 [Duvessa/+0 short sword (15)]
  5978 | D:7      | Mangled by Duvessa

Illustrated notes

Levels and vault maps discovered:
D:1:      dpeg_arrival_circle_labyrinth_c, layout_basic,
          shapermc_ecumenical_altar_pompeii, serial_shops, nicolae_shop_crystal,
          serial_bayou_pond_e
D:2:      layout_rooms
D:3:      layout_rooms, amethyst_overflow_temple_binary
D:4:      cheibrodos_quashed, layout_loops_ring, kennysheep_mini
D:5:      layout_basic, mainiacjoe_overflow_alcove_1
D:6:      minmay_angry_zag, layout_gridville, tso_oasis_becter
D:7:      layout_loops_ring, minmay_temple_entry_stoned_glass, uniq_duvessa,
          uniq_prince_ribbit1

Skill      XL: |  1  2  3  4  5  6  7  8 |
---------------+-------------------------+-----
Conjurations   | 2 3 4 5 6 |  6.9
Spellcasting   | 3 4 5 6 |  6.6
Air Magic      | 4 5 6 7 |  7.7
Dodging        | |  2.1
Stealth        | |  1.7

Action                   |  1- 3 |  4- 6 |  7- 9 || total
-------------------------+-------+-------+-------++-------
Melee: Short sword       |    22 |       |       ||    22
       Battleaxe         |     8 |       |       ||     8
       Dagger            |    13 |    60 |    46 ||   119
 Fire: Sling             |     5 |       |       ||     5
 Cast: Shock             |    57 |    93 |    92 ||   242
       Static Discharge  |       |       |     4 ||     4
  Use: Scroll            |       |    20 |     3 ||    23
       Potion            |       |       |     3 ||     3
 Stab: Distracted        |       |       |     2 ||     2
Armor: Robe              |     8 |    12 |     6 ||    26
Dodge: Dodged            |    35 |    36 |    27 ||    98
